 Dungeon Crawl Stone Soup version 0.21.1-1-g345015f (webtiles) character file.

1329 olivier the Shield-Bearer (level 8, -13/100 HPs)
             Began as a Gnoll Fighter on June 15, 2018.
             Was an Initiate of Vehumet.
             Mangled by a two-headed ogre
             ... wielding a +0 giant club
              (18 damage)
             ... on level 6 of the Dungeon.
             The game lasted 00:16:39 (4565 turns).

olivier the Shield-Bearer (Gnoll Fighter)           Turns: 4565, Time: 00:16:40

Health: -13/100    AC: 24    Str: 19    XL:     8   Next: 60%
Magic:  13/13      EV:  2    Int: 13    God:    Vehumet [......]
Gold:   342        SH: 17    Dex: 19    Spells: 12/13 levels left

rFire    . . .     SeeInvis +   u - +2 spear (vamp)
rCold    . . .     Gourm    .   c - +0 shield
rNeg     + + +     Faith    .   (armour currently unavailable)
rPois    +         Spirit   .   (helmet currently unavailable)
rElec    .         Reflect  +   (cloak currently unavailable)
rCorr    .         Harm     .   (gloves currently unavailable)
MR       .....     NoTele   +   (boots currently unavailable)
Stlth    ++++......             r - +6 amulet of reflection
HPRegen  0.26/turn              q - ring of see invisible
MPRegen  0.13/turn              (no ring)

@: agile, tree-form
A: distributed training, strong nose
a: Renounce Religion


You were on level 6 of the Dungeon.
You worshipped Vehumet.
Vehumet was noncommittal.
You were not hungry.
You were a tree.
You visited 2 branches of the dungeon, and saw 7 of its levels.

You collected 342 gold pieces.

Inventory:

Hand Weapons
 a - a +0 war axe
 i - a +1 flail of holy wrath
 u - a +2 vampiric spear (weapon)
Armour
 c - a +0 shield (worn)
 p - a +0 plate armour (melded)
 v - a +1 helmet (melded)
 x - the +4 pair of boots of Eternal Vigilance (melded) {rPois rF- rC+ rCorr}
   (You found it on level 6 of the Dungeon)

   It makes you vulnerable to fire.
   It protects you from cold.
   It protects you from poison.
   It protects you from acid and corrosion.
Jewellery
 q - a ring of see invisible (left branch)
 r - a +6 amulet of reflection (around neck)
Wands
 w - a wand of scattershot (8)
Scrolls
 e - 2 scrolls of identify
 g - a scroll of fear
 h - a scroll of remove curse
 k - 2 scrolls of enchant weapon
 l - 2 scrolls of teleportation {unknown}
 o - 2 scrolls of amnesia {unknown}
 s - a scroll of enchant armour {unknown}
 t - a scroll of magic mapping {unknown}
Potions
 n - 2 potions of agility
Books
 d - a book of Conjurations

   Spells                             Type                      Level
   a - Magic Dart                     Conjuration                  1
   b - Searing Ray                    Conjuration                  2
   c - Dazzling Spray                 Conjuration/Hexes            3
   d - Fulminant Prism                Conjuration/Hexes            4
   e - Force Lance                    Conjuration/Translocation    4
   f - Iskenderun's Mystic Blast      Conjuration                  4
 j - a book of Cantrips

   Spells                             Type                      Level
   a - Confusing Touch                Hexes                        1
   b - Animate Skeleton               Necromancy                   1
   c - Summon Small Mammal            Summoning                    1
   d - Apportation                    Translocation                1
Comestibles
 f - 7 rations
 z - a chunk of flesh


   Skills:
 + Level 7.4 Fighting
 + Level 3.3 Short Blades
 + Level 3.3 Long Blades
 + Level 5.7 Axes
 + Level 3.3 Maces & Flails
 + Level 3.3 Polearms
 + Level 3.3 Staves
 + Level 3.3 Slings
 + Level 3.3 Bows
 + Level 3.3 Crossbows
 + Level 3.3 Throwing
 + Level 7.4 Armour
 + Level 3.3 Dodging
 + Level 3.3 Stealth
 + Level 7.4 Shields
 + Level 3.3 Unarmed Combat
 + Level 3.3 Spellcasting
 + Level 2.7 Conjurations
 + Level 2.7 Hexes
 + Level 2.7 Charms
 + Level 2.7 Summonings
 + Level 2.7 Necromancy
 + Level 2.7 Translocations
 + Level 2.7 Transmutations
 + Level 2.7 Fire Magic
 + Level 2.7 Ice Magic
 + Level 2.7 Air Magic
 + Level 2.7 Earth Magic
 + Level 2.7 Poison Magic
 + Level 3.7 Invocations
 + Level 3.3 Evocations


You had 12 spell levels left.
You knew the following spells:

 Your Spells              Type           Power        Failure   Level  Hunger
a - Animate Skeleton      Necr           N/A          19%         1    #......


Dungeon Overview and Level Annotations

Branches:
Dungeon (6/15)             Temple (1/1) D:5

Altars:
Ashenzari
Cheibriados
Dithmenos
Elyvilon
Fedhas
Gozag
Hepliaklqana
Makhleb
Nemelex Xobeh
Okawaru
Qazlal
Ru
Sif Muna
Trog
Uskayaw
Vehumet
Wu Jian
The Shining One


Innate Abilities, Weirdness & Mutations

Your experience applies equally to all skills.
((You have very sharp teeth.))
Your uncanny sense of smell can sniff out nearby items.


Message History

The two-headed ogre is moderately wounded.
You block the two-headed ogre's attack.
The two-headed ogre hits you with a giant club!
* * * LOW HITPOINT WARNING * * *
It was a potion of curing.
You feel better.
The two-headed ogre hits you with a giant club.
* * * LOW HITPOINT WARNING * * *
The two-headed ogre completely misses you.
As you read the scroll of fear, it crumbles to dust.
You assume a fearsome visage.
The two-headed ogre easily resists.
As you read the scroll labeled UHOYLA KARUO, it crumbles to dust.
It is a scroll of enchant weapon.
Your +1 vampiric spear glows red for a moment.
You block the two-headed ogre's attack.
The two-headed ogre hits you with a giant club!
* * * LOW HITPOINT WARNING * * *
You hit the two-headed ogre.
The two-headed ogre is moderately wounded.
The two-headed ogre hits you with a giant club!!
You die...

#.# #.#####
#.# #.# #.#
#.# #.# #.#
#.# #.#
#.###.######
#.#.##.......
#.###.#O......
#.# ##♣# #.#
##..# ## ###


You could see a two-headed ogre.

Vanquished Creatures
  A wyvern (D:5)
  2 ogres
  The ghost of Ethylacetat the Skirmisher, an amateur DrFi (D:3)
  A phantom (D:5)
  A big kobold (D:3)
  A bullfrog (D:6)
  A scorpion (D:6)
  A bullfrog zombie (D:5)
  2 crimson imps
  An orc priest (D:4)
  A centaur skeleton (D:3)
  2 hounds
  A bullfrog skeleton (D:5)
  Ijyb (D:5)
  2 worker ants
  A hound skeleton (D:4)
  4 gnolls
  9 adders
  An adder skeleton (D:4)
  3 worms
  3 dart slugs
  4 leopard geckos
  13 orcs
  3 bats
  7 giant cockroaches
  6 goblins
  6 hobgoblins
  2 ball pythons (D:2)
  2 frilled lizards
  16 kobolds
  A leopard gecko skeleton (D:2)
  11 rats
111 creatures vanquished.

Vanquished Creatures (others)
  The ghost of Mahadev the Gusty, an amateur DrAE (D:4)
1 creature vanquished.

Grand Total: 112 creatures vanquished

Notes
Turn   | Place    | Note
-------+----------+-------------------------------------------
     0 | D:1      | olivier the Gnoll Fighter began the quest for the Orb.
     0 | D:1      | Reached XP level 1. HP: 23/23 MP: 1/1
   270 | D:1      | Reached XP level 2. HP: 28/29 MP: 2/2
   787 | D:2      | Reached XP level 3. HP: 35/35 MP: 3/3
   805 | D:2      | Reached skill level 1 in Invocations
   901 | D:2      | Reached skill level 1 in Short Blades
   901 | D:2      | Reached skill level 1 in Long Blades
   901 | D:2      | Reached skill level 1 in Maces & Flails
   901 | D:2      | Reached skill level 1 in Polearms
   901 | D:2      | Reached skill level 1 in Staves
   901 | D:2      | Reached skill level 1 in Slings
   901 | D:2      | Reached skill level 1 in Bows
   901 | D:2      | Reached skill level 1 in Crossbows
   901 | D:2      | Reached skill level 1 in Throwing
   901 | D:2      | Reached skill level 1 in Dodging
   901 | D:2      | Reached skill level 1 in Stealth
   901 | D:2      | Reached skill level 1 in Unarmed Combat
   901 | D:2      | Reached skill level 1 in Spellcasting
   901 | D:2      | Reached skill level 1 in Evocations
   901 | D:2      | Reached XP level 4. HP: 33/41 MP: 5/5
  1304 | D:2      | Reached skill level 1 in Conjurations
  1304 | D:2      | Reached skill level 1 in Hexes
  1304 | D:2      | Reached skill level 1 in Charms
  1304 | D:2      | Reached skill level 1 in Summonings
  1304 | D:2      | Reached skill level 1 in Necromancy
  1304 | D:2      | Reached skill level 1 in Translocations
  1304 | D:2      | Reached skill level 1 in Transmutations
  1304 | D:2      | Reached skill level 1 in Fire Magic
  1304 | D:2      | Reached skill level 1 in Ice Magic
  1304 | D:2      | Reached skill level 1 in Air Magic
  1304 | D:2      | Reached skill level 1 in Earth Magic
  1304 | D:2      | Reached skill level 1 in Poison Magic
  1428 | D:3      | Noticed Ethylacetat's ghost (amateur DrFi)
  1444 | D:3      | Killed Ethylacetat's ghost
  1444 | D:3      | Reached XP level 5. HP: 18/47 MP: 5/7
  1571 | D:3      | Learned a level 1 spell: Animate Skeleton
  1886 | D:3      | Reached XP level 6. HP: 53/53 MP: 8/8
  2103 | D:4      | Noticed Mahadev's ghost (amateur DrAE)
  2121 | D:4      | Killed Mahadev's ghost
  2121 | D:4      | Reached skill level 5 in Axes
  2352 | D:3      | Reached XP level 7. HP: 36/59 MP: 10/10
  3209 | D:5      | Entered Level 5 of the Dungeon
  3324 | D:5      | Noticed Ijyb
  3332 | D:5      | Killed Ijyb
  3425 | D:5      | Noticed a wyvern
  3445 | D:5      | Killed a wyvern
  3445 | D:5      | Reached XP level 8. HP: 50/67 MP: 12/12
  3635 | D:5      | Found a staircase to the Ecumenical Temple.
  3737 | D:5      | Found a glowing drain.
  4215 | Temple   | Entered the Ecumenical Temple
  4237 | Temple   | Became a worshipper of Vehumet
  4295 | D:6      | Got a pair of ichor-stained boots
  4301 | D:6      | Identified the +4 pair of boots of Eternal Vigilance {rPois rF- rC+ rCorr} (You found it on level 6 of the Dungeon)
  4547 | D:6      | Noticed a two-headed ogre
  4564 | D:6      | HP: 5/100 [two-headed ogre/giant club (7)]
  4565 | D:6      | Mangled by a two-headed ogre

Skill      XL: |  1  2  3  4  5  6  7  8 |
---------------+-------------------------+-----
Invocations    | 1 2 3 |  3.7
Short Blades   | 1 2 3 |  3.3
Long Blades    | 1 2 3 |  3.3
Maces & Flails | 1 2 3 |  3.3
Polearms       | 1 2 3 |  3.3
Staves         | 1 2 3 |  3.3
Slings         | 1 2 3 |  3.3
Bows           | 1 2 3 |  3.3
Crossbows      | 1 2 3 |  3.3
Throwing       | 1 2 3 |  3.3
Dodging        | 1 2 3 |  3.3
Stealth        | 1 2 3 |  3.3
Unarmed Combat | 1 2 3 |  3.3
Spellcasting   | 1 2 3 |  3.3
Evocations     | 1 2 3 |  3.3
Conjurations   | 1 2 |  2.7
Hexes          | 1 2 |  2.7
Charms         | 1 2 |  2.7
Summonings     | 1 2 |  2.7
Necromancy     | 1 2 |  2.7
Translocations | 1 2 |  2.7
Transmutations | 1 2 |  2.7
Fire Magic     | 1 2 |  2.7
Ice Magic      | 1 2 |  2.7
Air Magic      | 1 2 |  2.7
Earth Magic    | 1 2 |  2.7
Poison Magic   | 1 2 |  2.7
Axes           | 5 |  5.7
Fighting       | 7 |  7.4
Armour         | 7 |  7.4
Shields        | 7 |  7.4

Action                   |  1- 3 |  4- 6 |  7- 9 || total
-------------------------+-------+-------+-------++-------
Melee: War axe           |    76 |   153 |    42 ||   271
       Bite              |     9 |    14 |    37 ||    60
       Flail             |       |       |    52 ||    52
       Spear             |       |       |   220 ||   220
  Use: Potion            |       |     1 |     3 ||     4
       Scroll            |       |     3 |     2 ||     5
  Eat: Chunk             |       |     2 |     3 ||     5
       Ration            |       |     1 |     3 ||     4
Armor: Scale mail        |     3 |       |       ||     3
       Ring mail         |    19 |    17 |       ||    36
       Plate armour      |       |    44 |    84 ||   128
       Skin              |       |       |     1 ||     1
Dodge: Dodged            |    23 |    36 |    40 ||    99
Block: Shield            |    48 |    89 |   218 ||   355
